 Dungeon Crawl Stone Soup version 0.25-a0-1119-g28b6fd0c3b (webtiles) character file.

Game seed: 14352010308225171887, levelgen mode: deterministic

60 Gwenloh the Gusty (level 4, -1/25 HPs)
             Began as a Tengu Air Elementalist on May 17, 2020.
             Succumbed to an adder's poison
             ... on level 2 of the Dungeon.
             The game lasted 00:10:13 (1675 turns).

Gwenloh the Gusty (Tengu Air Elementalist)          Turns: 1675, Time: 00:10:14

Health: -1/25      AC:  2    Str:  9    XL:     4   Next: 4%
Magic:  1/8        EV: 13    Int: 16    God:
Gold:   44         SH:  0    Dex: 14    Spells: 2/8 levels left

rFire    . . .     SeeInvis .   b - +0 dagger
rCold    . . .     Gourm    .   (no shield)
rNeg     . . .     Faith    .   a - +0 robe
rPois    .         Spirit   .   (helmet restricted)
rElec    .         Reflect  .   (no cloak)
rCorr    .         Harm     .   (no gloves)
MR       .....                  (boots unavailable)
Stlth    ++........             g - amulet of inaccuracy (curse)
HPRegen  0.08/turn              (no ring)
MPRegen  0.11/turn              (no ring)

@: lethally poisoned (-1 -> -17)
A: beak, talons 3
a: no special abilities


You were on level 2 of the Dungeon.
You were not hungry.

You visited 1 branch of the dungeon, and saw 2 of its levels.

You collected 44 gold pieces.

Inventory:

Hand Weapons
 b - a +0 dagger (weapon)
 j - a cursed -1 mace
Armour
 a - a +0 robe (worn)
Jewellery
 g - a cursed amulet of inaccuracy (around neck)
 h - an uncursed amulet of the acrobat {unknown}
Scrolls
 i - 2 scrolls of teleportation
 k - 3 scrolls of amnesia {unknown}
 l - a scroll of identify {unknown}
Potions
 e - 2 potions of heal wounds {unknown}
 f - 2 potions of degeneration {unknown}
Comestibles
 c - 2 rations
 d - 2 chunks of flesh


   Skills:
 + Level 1.2 Fighting
 + Level 2.7 Dodging
 - Level 2.0 Stealth
 + Level 2.5 Spellcasting
 + Level 2.4 Conjurations
 + Level 4.6 Air Magic


You had 2 spell levels left.
You knew the following spells:

 Your Spells              Type           Power        Failure   Level  Hunger
a - Shock                 Conj/Air       ##..         4%          1    #......
b - Swiftness             Chrm/Air       #.......     12%         2    ##.....
c - Static Discharge      Conj/Air       ##......     14%         3    ###....

Your spell library contained the following spells:

 Spells                   Type           Power        Failure   Level  Hunger
 Airstrike                Air            ###.......   28%         4    #####..
 Lightning Bolt           Conj/Air       ##........   77%         5    ######.


Dungeon Overview and Level Annotations

Branches:
Dungeon (2/15)

Altars:


Innate Abilities, Weirdness & Mutations

You have a beak for a mouth.
You have claws for feet.


Message History

Confirm with . or Enter, or press ? or * to list all spells.
Aiming: Shock (safe; 4% risk of failure)
Press: ? - help, Shift-Dir - straight line, f/p - adder
Aim: an adder (severely wounded)
The zap misses the adder.
* * * LOW HITPOINT WARNING * * *
You feel sick. The adder barely misses you. x2
You completely miss the adder. Your kick misses the adder.
The adder is severely wounded.
* * * LOW HITPOINT WARNING * * *
You feel sick. The adder closely misses you.
You hit the adder. Your peck misses the adder.
The adder is almost dead.
* * * LOW HITPOINT WARNING * * *
You feel sick. The adder closely misses you.
You hit the adder.
You kill the adder!
You have reached level 4!
You feel stronger.
You die...

..... ≈≈(.. ###
≈≈≈....[# #####
≈≈≈≈(.#.# #...
≈≈≈≈..#.#########.##
P≈≈≈≈...#..........#
♣≈≈≈≈..†..#######..#
P≈≈≈≈..@### #..#
≈≈≈≈..?.# #..#
≈≈≈≈..#.# #..#
≈≈≈...#.# #..# ≈≈..#
... ######..#####
...# ..#.
........##... .#.
#... #######.##.## #
##..### #.##.##
)......######.##...


There were no monsters in sight!

Vanquished Creatures
  2 adders
  3 leopard geckos
  A ball python (D:1)
  2 giant cockroaches (D:1)
  5 goblins
  4 hobgoblins
  2 jackals (D:1)
  9 kobolds
  4 bats
  3 frilled lizards
  4 rats (D:1)
39 creatures vanquished.

Notes
Turn   | Place    | Note
-------+----------+-------------------------------------------
     0 | D:1      | Gwenloh the Tengu Air Elementalist began the quest for the
                  | Orb.
     0 | D:1      | Reached XP level 1. HP: 10/10 MP: 4/4
   169 | D:1      | Reached XP level 2. HP: 15/15 MP: 3/6
   214 | D:1      | Learned a level 2 spell: Swiftness
   593 | D:1      | Reached XP level 3. HP: 20/20 MP: 0/7
  1003 | D:2      | Learned a level 3 spell: Static Discharge
  1019 | D:1      | Reached skill level 1 in Fighting
  1674 | D:2      | HP: 1/20 [poisoned by an adder]
  1675 | D:2      | Reached XP level 4. HP: 1/25 MP: 1/8
  1675 | D:2      | Succumbed to an adder's poison

Illustrated notes

Levels and vault maps discovered:
D:1:      minmay_arrival_hallway, layout_rooms
D:2:      layout_loops_ring, fedhas_ov_isle_minmay, uniq_sigmund,
          uniq_crazy_yiuf_cottage

Skill      XL: |  1  2  3 |
---------------+----------+-----
Conjurations   | 2 |  2.4
Fighting       | 1 |  1.2
Dodging        | |  2.7
Stealth        | |  2.0
Spellcasting   | |  2.5
Air Magic      | |  4.6

Action                   |  1- 3 |  4- 6 || total
-------------------------+-------+-------++-------
Melee: Dagger            |    25 |       ||    25
       Kick              |     3 |       ||     3
 Cast: Shock             |    69 |       ||    69
       Static Discharge  |     3 |       ||     3
       Swiftness         |     1 |       ||     1
  Use: Scroll            |     2 |       ||     2
  Eat: Chunk             |     4 |       ||     4
Armor: Robe              |     4 |       ||     4
Dodge: Dodged            |    23 |       ||    23

Table legend:
 A = Non-vault XP
 B = Vault XP
 C = Vault XP percentage of total XP
 D = Non-vault monster count
 E = Vault monster count
 F = Vault count percentage of total count
                 A         B        C        D         E       F
            +---------+---------+-------+---------+---------+-------
      Total |      86 |       0 |   0.0 |      39 |       0 |   0.0
            +---------+---------+-------+---------+---------+-------
        D:1 |      61 |       0 |   0.0 |      31 |       0 |   0.0
        D:2 |      25 |       0 |   0.0 |       8 |       0 |   0.0
            +---------+---------+-------+---------+---------+-------
